Inferno vs Mulligans
Created - February 18, 2018 at 20:03
Goals
|
Inferno |
1 |
2 |
2 |
5 |
Mulligans |
1 |
3 |
0 |
4 |
|
Shots
|
Inferno |
17 |
15 |
8 |
40 |
Mulligans |
6 |
16 |
11 |
33 |
|
1st period
1. Inferno , Sami Vatanen 8 (David Ullstrom 44) at 10:45 (PP)
2. Mulligans , Drayson Bowman 16 (Benn Ferriero 13, Eric Tangradi 49) at 18:36
Penalties :
Nick Shore (Rep) for High sticking (Minor) at 5:01, Dalton Thrower (Rep) for Delaying the game (Minor) at 10:35, Eric Tangradi (Rep) for Holding (Minor) at 10:42, Nick Shore (Rep) for Interference (Minor) at 16:31, Eric Tangradi (Rep) for Hooking (Minor) at 18:53
2nd period
3. Inferno , Anders Lee 24 (Sami Vatanen 43, David Ullstrom 45) at 0:17 (PP)
4. Mulligans , Nick Bonino 24 (Matt Niskanen 28, Thomas Hickey 26) at 6:40
5. Mulligans , Jonathan Tremblay 24 (Matt Beleskey 19, Anton Lander 20) at 14:17
6. Mulligans , Derek Dorsett 10 (Thomas Hickey 27, Matt Niskanen 29) at 15:06
7. Inferno , Philip Varone 8 (Cal O'Reilly 17, Greg Pateryn 8) at 17:09
Penalties :
Jonathan Tremblay (Rep) for Tripping (Minor) at 2:11, Matt Beleskey (Rep) for Roughing (Minor) at 11:50
3rd period
8. Inferno , David Ullstrom 21 (Vladimir Sobotka 29, Colby Robak 25) at 5:33
9. Inferno , David Ullstrom 22 (Vladimir Sobotka 30) at 16:07
Penalties :
Matt Beleskey (Rep) for Interference (Minor) at 5:48, Nick Bonino (Rep) for Holding (Minor) at 5:51, Victor Rask (Anc) for Boarding (Minor) at 6:56
Goalie Stats
Christopher Gibson (Anc), 29 saves from 33 shots - (0.879), W, 13-7-0, 60:00 minutes
Anders Lindback (Rep), 35 saves from 40 shots - (0.875), L, 22-17-2, 58:45 minutes
Players Stats for Inferno
Player Name G A P +/- PIM S H SB GA TA FO MP PP MP PK MP
------------------------------------------------------------------------------------
Anders Lee 1 0 1 0 0 3 1 0 0 1 3/24 19:39 7:05 0:21
Bryan Rust 0 0 0 0 0 1 1 0 0 0 0/0 18:55 5:20 0:09
Cal O'Reilly 0 1 1 -3 0 1 1 0 0 1 4/6 10:07 0:16 0:09
Christian Folin 0 0 0 0 0 1 0 0 0 1 0/0 19:52 4:42 0:00
Colby Robak 0 1 1 0 0 4 0 1 1 0 0/0 27:53 7:52 0:51
David Savard 0 0 0 0 0 1 0 0 0 0 0/0 2:50 0:00 0:00
David Ullstrom 2 2 4 2 0 8 3 2 0 0 1/2 24:41 7:12 0:44
Esa Lindell 0 0 0 -3 0 0 0 0 1 1 0/0 13:21 0:00 0:00
Greg Pateryn 0 1 1 -1 0 2 4 0 0 1 0/0 23:53 4:42 0:24
Mathieu Brodeur 0 0 0 -1 0 1 0 0 0 1 0/0 12:51 0:00 0:14
Matt Kassian 0 0 0 0 0 1 1 1 0 1 0/0 11:40 0:00 0:00
Matthew Nieto 0 0 0 0 0 2 0 1 0 0 0/0 9:02 0:02 0:12
Philip Varone 1 0 1 0 0 3 2 0 0 0 4/6 12:14 5:20 0:00
Sami Vatanen 1 1 2 0 0 6 2 4 1 1 0/0 28:22 7:52 0:41
Tanner Pearson 0 0 0 -3 0 1 1 0 0 0 0/0 14:12 5:20 0:02
Tyler Shattock 0 0 0 0 0 0 0 0 0 0 0/0 7:38 0:07 0:00
Victor Rask 0 0 0 2 2 1 2 1 0 0 0/2 23:03 6:59 0:00
Vladimir Sobotka 0 2 2 2 0 4 0 2 0 0 18/34 17:47 0:00 0:33
Players Stats for Mulligans
Player Name G A P +/- PIM S H SB GA TA FO MP PP MP PK MP
------------------------------------------------------------------------------------
Adam Lowry 0 0 0 0 0 0 0 0 0 0 0/0 0:00 0:00 0:00
Anton Lander 0 1 1 2 0 1 1 0 1 0 11/14 18:12 0:28 5:19
Ben Hutton 0 0 0 -1 0 0 0 0 0 0 0/0 9:34 0:00 0:00
Benn Ferriero 0 1 1 1 0 1 0 0 1 0 0/0 9:06 0:00 0:00
Cade Fairchild 0 0 0 -1 0 0 0 1 0 0 0/0 9:34 0:00 0:00
Christoph Bertschy 0 0 0 -1 0 0 0 0 0 0 0/0 0:51 0:00 0:19
Cody Goloubef 0 0 0 -1 0 0 0 1 0 0 0/0 18:14 0:23 5:28
Dalton Thrower 0 0 0 1 2 0 0 0 0 0 0/0 4:56 0:00 0:00
Darren Dietz 0 0 0 1 0 0 0 0 0 0 0/0 4:57 0:00 0:00
Derek Dorsett 1 0 1 1 0 2 0 0 0 0 1/1 10:20 0:23 0:00
Drayson Bowman 1 0 1 1 0 3 0 0 0 0 0/0 9:30 0:00 0:24
Eric Tangradi 0 1 1 0 4 7 1 3 1 1 1/1 22:46 0:37 4:30
Jonathan Tremblay 1 0 1 1 2 3 4 1 0 0 1/3 21:25 0:37 2:57
Joonas Donskoi 0 0 0 0 0 0 0 0 0 0 0/0 1:50 0:00 0:00
Logan Shaw 0 0 0 -2 0 1 1 0 0 0 0/0 6:19 0:00 0:00
Mario Lucia 0 0 0 -1 0 0 1 0 0 0 2/2 3:47 0:00 3:22
Matt Beleskey 0 1 1 2 4 4 2 0 1 0 0/0 12:48 0:28 0:00
Matt Donovan 0 0 0 -1 0 0 2 1 0 0 0/0 18:14 0:23 5:28
Matt Niskanen 0 2 2 2 0 3 3 1 1 0 0/0 27:15 0:42 7:57
Maxime Macenauer 0 0 0 1 0 2 2 0 0 0 3/7 9:06 0:00 0:00
Nick Bonino 1 0 1 0 2 4 1 0 0 0 24/44 24:45 0:42 6:36
Nick Shore 0 0 0 -1 4 0 0 0 0 0 1/2 6:05 0:00 0:00
Reid Boucher 0 0 0 -1 0 0 0 0 1 0 0/0 7:35 0:00 1:22
Thomas Hickey 0 2 2 2 0 2 1 2 2 2 0/0 27:15 0:42 7:57
3 Stars
1 - David Ullstrom (Anc)
2 - Sami Vatanen (Anc)
3 - Matt Niskanen (Rep)
Power Play
Inferno - 2 on 9 Attempt(s) - 22.22%
Mulligans - 0 on 1 Attempt(s) - 0.00%
Penalty Kill
Inferno - 1 on 1 Attempt(s) - 100.00%
- Score 0 goal in Penalty Kill
Mulligans - 7 on 9 Attempt(s) - 77.78%
- Score 0 goal in Penalty Kill
Team Stat
Inferno - Hits : 18 - Faceoff Wins : 30 - Blocked Shots : 12 - Penalty Minutes : 2
Mulligans - Hits : 19 - Faceoff Wins : 44 - Blocked Shots : 10 - Penalty Minutes : 18
Official
Referees : Kimmerly Greg and McCreary Bill
Linesman : Tony Sericolo and Mark Wheler
Game Notes
David Savard is injured at 8:43 of 1st period (Fractured Bone in Left Hand)
10:45 of 1st period - Inferno goal is going for a video replay. After video review, Goal.
Derek Dorsett is injured at 11:07 of 3rd period (Back Spasms)
Finance
Level 1 -- Attendance: 1601 (80.05%) -- Ticket Income $40,025
Level 2 -- Attendance: 733 (73.30%) -- Ticket Income $8,796
Total Attendance: 2334 (77.80%)
Total Ticket Income: $48,821
Other Income: $2,441
Total Income: $51,262
Inferno
5 vs 5 Forward
Center Left Wing Right Wing Time % Phy DF OF
1 Vladimir Sobotka David Ullstrom Victor Rask 40 1 2 2
2 Anders Lee Matt Kassian Bryan Rust 30 1 2 2
3 Cal O'Reilly Tanner Pearson Esa Lindell 20 1 2 2
4 Philip Varone Matthew Nieto Tyler Shattock 10 1 2 2
5 vs 5 Defense
Defense Defense Time % Phy DF OF
1 Colby Robak Sami Vatanen 40 1 2 2
2 David Savard Christian Folin 30 1 2 2
3 Greg Pateryn Mathieu Brodeur 20 1 2 2
4 David Savard Mathieu Brodeur 10 1 2 2
PowerPlay Forward
Center Left Wing Right Wing Time % Phy DF OF
1 Anders Lee David Ullstrom Victor Rask 60 1 2 2
2 Philip Varone Tanner Pearson Bryan Rust 40 1 2 2
PowerPlay Defense
Defense Defense Time % Phy DF OF
1 Colby Robak Sami Vatanen 60 1 2 2
2 Greg Pateryn Christian Folin 40 1 2 2
Penalty Kill 4 Players Forward
Center Wing Time % Phy DF OF
1 Vladimir Sobotka David Ullstrom 60 1 2 2
2 Cal O'Reilly Bryan Rust 40 1 2 2
Penalty Kill 4 Players Defense
Defense Defense Time % Phy DF OF
1 Colby Robak David Savard 60 1 2 2
2 Greg Pateryn Mathieu Brodeur 40 1 2 2
Penalty Kill - 3 Players Forward
Forward Time % Phy DF OF
1 Vladimir Sobotka 60 1 2 2
2 David Ullstrom 40 1 2 2
Penalty Kill - 3 Players Defense
Defense Defense Time % Phy DF OF
1 Colby Robak David Savard 60 1 2 2
2 Greg Pateryn Mathieu Brodeur 40 1 2 2
4 vs 4 Forward
Center Wing Time % Phy DF OF
1 Vladimir Sobotka Bryan Rust 60 1 2 2
2 Cal O'Reilly David Ullstrom 40 1 2 2
4 vs 4 Defense
Defense Defense Time % Phy DF OF
1 Colby Robak Sami Vatanen 60 1 2 2
2 David Savard Christian Folin 40 1 2 2
Last Minutes Offensive
Center Left Wing Right Wing Defense Defense
Vladimir Sobotka David Ullstrom Victor Rask Colby Robak Sami Vatanen
Last Minutes Defensive
Center Left Wing Right Wing Defense Defense
Vladimir Sobotka David Ullstrom Bryan Rust Colby Robak Sami Vatanen
Goaltenders
Starting : Christopher Gibson
Backup : Michael Hutchinson
Extra Forwards
Normal : Tanner Pearson, Anders Lee, Bryan Rust - PP : Bryan Rust, Cal O'Reilly - PK : David Ullstrom
Extra Defensemen
Normal : Greg Pateryn, Esa Lindell, Christian Folin - PP : Christian Folin - PK : Greg Pateryn, Sami Vatanen
Penalty Shots
Matt Kassian, Bryan Rust, Tanner Pearson, Vladimir Sobotka, Anders Lee
Scratches
Chris Brown (Healthy), Frank Corrado (Healthy), Ryan Spooner (Healthy), Kyle Palmieri (Broken Left Index Finger Injury), Joakim Nordstrom (Healthy)
Trevor Carrick (Healthy), Petteri Lindbohm (Healthy), Daniil Tarasov (Healthy), Branden Troock (Healthy), Vladimir Zharkov (Healthy)
Simon Danis-Pepin (Healthy), Luca Sbisa (Healthy), Nathan Lieuwen (Healthy)
Mulligans
5 vs 5 Forward
Center Left Wing Right Wing Time % Phy DF OF
1 Nick Bonino Eric Tangradi Jonathan Tremblay 40 1 2 2
2 Anton Lander Matt Beleskey Derek Dorsett 30 1 2 2
3 Maxime Macenauer Drayson Bowman Benn Ferriero 20 1 2 2
4 Nick Shore Reid Boucher Logan Shaw 10 1 2 2
5 vs 5 Defense
Defense Defense Time % Phy DF OF
1 Thomas Hickey Matt Niskanen 40 1 2 2
2 Matt Donovan Cody Goloubef 30 1 2 2
3 Cade Fairchild Ben Hutton 20 1 2 2
4 Darren Dietz Dalton Thrower 10 1 2 2
PowerPlay Forward
Center Left Wing Right Wing Time % Phy DF OF
1 Nick Bonino Eric Tangradi Jonathan Tremblay 60 1 2 2
2 Anton Lander Matt Beleskey Derek Dorsett 40 1 2 2
PowerPlay Defense
Defense Defense Time % Phy DF OF
1 Thomas Hickey Matt Niskanen 60 1 2 2
2 Matt Donovan Cody Goloubef 40 1 2 2
Penalty Kill 4 Players Forward
Center Wing Time % Phy DF OF
1 Nick Bonino Eric Tangradi 60 1 2 2
2 Jonathan Tremblay Anton Lander 40 1 2 2
Penalty Kill 4 Players Defense
Defense Defense Time % Phy DF OF
1 Thomas Hickey Matt Niskanen 60 1 2 2
2 Matt Donovan Cody Goloubef 40 1 2 2
Penalty Kill - 3 Players Forward
Forward Time % Phy DF OF
1 Nick Bonino 60 1 2 2
2 Eric Tangradi 40 1 2 2
Penalty Kill - 3 Players Defense
Defense Defense Time % Phy DF OF
1 Thomas Hickey Matt Niskanen 60 1 2 2
2 Matt Donovan Cody Goloubef 40 1 2 2
4 vs 4 Forward
Center Wing Time % Phy DF OF
1 Nick Bonino Eric Tangradi 60 1 2 2
2 Jonathan Tremblay Anton Lander 40 1 2 2
4 vs 4 Defense
Defense Defense Time % Phy DF OF
1 Thomas Hickey Matt Niskanen 60 1 2 2
2 Matt Donovan Cody Goloubef 40 1 2 2
Last Minutes Offensive
Center Left Wing Right Wing Defense Defense
Nick Bonino Eric Tangradi Jonathan Tremblay Thomas Hickey Matt Niskanen
Last Minutes Defensive
Center Left Wing Right Wing Defense Defense
Nick Bonino Eric Tangradi Jonathan Tremblay Thomas Hickey Matt Niskanen
Goaltenders
Starting : Anders Lindback
Backup : Calvin Pickard
Extra Forwards
Normal : Joonas Donskoi, Christoph Bertschy, Mario Lucia - PP : Joonas Donskoi, Christoph Bertschy - PK : Mario Lucia
Extra Defensemen
Normal : Cade Fairchild, Ben Hutton, Darren Dietz - PP : Cade Fairchild - PK : Ben Hutton, Darren Dietz
Penalty Shots
Nick Bonino, Eric Tangradi, Jonathan Tremblay, Anton Lander, Maxime Macenauer
Scratches
Sven Baertschi (Lacerated Left Calf Injury), Marek Langhamer (Healthy)
% Time on Ice - Inferno
Lines # - Real PCT - Wanted PCT - Time Play
Normal Forward
1 - 37% - 40% - 16:17
2 - 26% - 30% - 11:42
3 - 21% - 20% - 9:16
4 - 16% - 10% - 7:04
Normal Defense
1 - 41% - 40% - 18:09
2 - 31% - 30% - 13:33
3 - 15% - 20% - 6:34
4 - 14% - 10% - 6:03
PP Forward
1 - 58% - 60% - 7:14
2 - 42% - 40% - 5:20
PP Defense
1 - 63% - 60% - 7:52
2 - 37% - 40% - 4:42
PK Forward
1 - 86% - 60% - 0:56
2 - 14% - 40% - 0:09
PK Defense
1 - 78% - 60% - 0:51
2 - 22% - 40% - 0:14
PK3 Forward
1 - 0% - 60%
2 - 0% - 40%
PK3 Defense
1 - 0% - 60%
2 - 0% - 40%
44 Forward
1 - 100% - 60% - 0:54
2 - 0% - 40% - 0:00
44 Defense
1 - 46% - 60% - 0:25
2 - 54% - 40% - 0:29
Last Minute Offensive - 0:00
Last Minute Defensive - 1:08
Total
Forward - 60:00
Defense - 60:00
|
% Time on Ice - Mulligans
Lines # - Real PCT - Wanted PCT - Time Play
Normal Forward
1 - 37% - 40% - 16:31
2 - 29% - 30% - 12:39
3 - 21% - 20% - 9:06
4 - 14% - 10% - 6:02
Normal Defense
1 - 39% - 40% - 17:24
2 - 28% - 30% - 12:23
3 - 22% - 20% - 9:34
4 - 11% - 10% - 4:57
PP Forward
1 - 65% - 60% - 0:42
2 - 35% - 40% - 0:23
PP Defense
1 - 65% - 60% - 0:42
2 - 35% - 40% - 0:23
PK Forward
1 - 65% - 60% - 7:28
2 - 35% - 40% - 3:58
PK Defense
1 - 58% - 60% - 6:38
2 - 42% - 40% - 4:48
PK3 Forward
1 - 100% - 60% - 1:59
2 - 0% - 40% - 0:00
PK3 Defense
1 - 66% - 60% - 1:19
2 - 34% - 40% - 0:40
44 Forward
1 - 100% - 60% - 0:03
2 - 0% - 40% - 0:00
44 Defense
1 - 100% - 60% - 0:03
2 - 0% - 40% - 0:00
Last Minute Offensive - 1:09
Last Minute Defensive - 0:00
Total
Forward - 60:00
Defense - 60:00
|
Play by Play
1st period
0:01 of 1st period - Vladimir Sobotka wins face-off versus Nick Bonino in neutral zone.
0:06 of 1st period - Snap shot by Vladimir Sobotka.
0:06 of 1st period - Stopped by Anders Lindback without a rebound.
0:07 of 1st period - Nick Bonino wins face-off versus Vladimir Sobotka in Mulligans zone.
0:41 of 1st period - Icing by Matt Niskanen.
0:42 of 1st period - Nick Bonino wins face-off versus Anders Lee in Mulligans zone.
0:53 of 1st period - Wrist shot by Eric Tangradi.
0:53 of 1st period - Stopped by Christopher Gibson without a rebound.
0:54 of 1st period - Philip Varone wins face-off versus Anton Lander in Inferno zone.
1:17 of 1st period - Icing by Matthew Nieto.
1:18 of 1st period - Maxime Macenauer wins face-off versus Anders Lee in Inferno zone.
1:33 of 1st period - Snap shot by Anders Lee.
1:33 of 1st period - Stopped by Anders Lindback with a rebound.
2:42 of 1st period - Anders Lee is hit by Matt Donovan and loses puck.
2:46 of 1st period - Icing by David Savard.
2:47 of 1st period - Anton Lander wins face-off versus Anders Lee in Inferno zone.
2:56 of 1st period - Snap shot by Anton Lander.
2:56 of 1st period - Stopped by Christopher Gibson with a rebound.
3:22 of 1st period - Wrist shot by Anton Lander.
3:22 of 1st period - Shot Misses the Net.
3:40 of 1st period - Wrist shot by Anders Lee.
3:40 of 1st period - Stopped by Anders Lindback with a rebound.
3:42 of 1st period - Wrist shot by Bryan Rust.
3:42 of 1st period - Shot Misses the Net.
3:46 of 1st period - Snap shot by Matt Kassian.
3:46 of 1st period - Stopped by Anders Lindback without a rebound.
3:47 of 1st period - Vladimir Sobotka wins face-off versus Nick Bonino in Mulligans zone.
4:51 of 1st period - Snap shot by Matthew Nieto.
4:51 of 1st period - Shot Misses the Net.
4:53 of 1st period - Slapshot by Greg Pateryn.
4:53 of 1st period - Deflect By Matt Donovan.
4:53 of 1st period - Stopped by Anders Lindback with a rebound.
4:55 of 1st period - Wrist shot by Mathieu Brodeur.
4:55 of 1st period - Shot Misses the Net.
5:01 of 1st period - Minor Penalty to Nick Shore for High sticking.
5:02 of 1st period - Nick Bonino wins face-off versus Anders Lee in Mulligans zone.
5:11 of 1st period - Wrist shot by Anders Lee.
5:11 of 1st period - Shot Misses the Net.
5:13 of 1st period - Slapshot by Sami Vatanen.
5:13 of 1st period - Deflect By Eric Tangradi.
5:13 of 1st period - Stopped by Anders Lindback with a rebound.
5:15 of 1st period - Snap shot by David Ullstrom.
5:15 of 1st period - Stopped by Anders Lindback with a rebound.
5:17 of 1st period - Snap shot by David Ullstrom.
5:17 of 1st period - Shot Misses the Net.
5:37 of 1st period - Slapshot by Sami Vatanen.
5:37 of 1st period - Stopped by Anders Lindback with a rebound.
6:42 of 1st period - Greg Pateryn is hit by Jonathan Tremblay and loses puck.
7:01 of 1st period - Penalty to Nick Shore is over, Nick Shore is back on ice.
7:08 of 1st period - Off-side.
7:09 of 1st period - Cal O'Reilly wins face-off versus Maxime Macenauer in neutral zone.
7:12 of 1st period - Slapshot by David Savard.
7:12 of 1st period - Stopped by Anders Lindback without a rebound.
7:13 of 1st period - Maxime Macenauer wins face-off versus Cal O'Reilly in Mulligans zone.
7:58 of 1st period - Colby Robak is hit by Jonathan Tremblay and loses puck.
8:15 of 1st period - Eric Tangradi is hit by Cal O'Reilly and loses puck.
8:28 of 1st period - Wrist shot by Eric Tangradi.
8:28 of 1st period - Shot Blocked by Sami Vatanen.
8:42 of 1st period - David Savard is hit by Matt Donovan.
8:43 of 1st period - David Savard from Inferno is injured at 8:43 of 1st period (Fractured Bone in Left Hand).
8:44 of 1st period - Vladimir Sobotka wins face-off versus Nick Bonino in Inferno zone.
10:35 of 1st period - Minor Penalty to Dalton Thrower for Delaying the game.
10:36 of 1st period - Philip Varone wins face-off versus Nick Bonino in Mulligans zone.
10:37 of 1st period - Slapshot by Sami Vatanen.
10:37 of 1st period - Stopped by Anders Lindback with a rebound.
10:39 of 1st period - Snap shot by Colby Robak.
10:39 of 1st period - Stopped by Anders Lindback without a rebound.
10:40 of 1st period - Nick Bonino wins face-off versus Philip Varone in Mulligans zone.
10:42 of 1st period - Minor Penalty to Eric Tangradi for Holding.
10:43 of 1st period - David Ullstrom wins face-off versus Nick Bonino in Mulligans zone.
10:43 of 1st period - Slapshot by Sami Vatanen.
10:43 of 1st period - Stopped by Anders Lindback with a rebound.
10:45 of 1st period - Slapshot by Sami Vatanen.
10:45 of 1st period - Deflect By Nick Bonino.
10:45 of 1st period - Inferno goal is going for a video replay.
10:45 of 1st period - The goal is good.
10:45 of 1st period - Goal by Sami Vatanen - Inferno : 1 - Mulligans : 0.
10:46 of 1st period - Nick Bonino wins face-off versus Anders Lee in neutral zone.
11:11 of 1st period - Bryan Rust is hit by Matt Niskanen and loses puck.
12:42 of 1st period - Penalty to Eric Tangradi is over, Eric Tangradi is back on ice.
12:45 of 1st period - Cody Goloubef is hit by Greg Pateryn and loses puck.
13:56 of 1st period - Matt Beleskey is hit by David Ullstrom and loses puck.
14:45 of 1st period - Icing by Drayson Bowman.
14:46 of 1st period - Cal O'Reilly wins face-off versus Nick Bonino in Mulligans zone.
14:59 of 1st period - Wrist shot by Eric Tangradi.
14:59 of 1st period - Stopped by Christopher Gibson without a rebound.
15:00 of 1st period - Anton Lander wins face-off versus Vladimir Sobotka in Inferno zone.
15:01 of 1st period - Snap shot by Matt Beleskey.
15:01 of 1st period - Deflect By Anton Lander.
15:01 of 1st period - Shot Blocked by Vladimir Sobotka.
15:01 of 1st period - Puck is out of play.
15:02 of 1st period - Vladimir Sobotka wins face-off versus Anton Lander in Inferno zone.
15:35 of 1st period - Wrist shot by Anders Lee.
15:35 of 1st period - Shot Blocked by Eric Tangradi.
15:53 of 1st period - Wrist shot by Drayson Bowman.
15:53 of 1st period - Stopped by Christopher Gibson with a rebound.
16:07 of 1st period - Logan Shaw is hit by Sami Vatanen and loses puck.
16:15 of 1st period - Icing by Reid Boucher.
16:16 of 1st period - Vladimir Sobotka wins face-off versus Nick Shore in Mulligans zone.
16:27 of 1st period - Snap shot by Vladimir Sobotka.
16:27 of 1st period - Shot Blocked by Cade Fairchild.
16:29 of 1st period - Wrist shot by Victor Rask.
16:29 of 1st period - Deflect By Vladimir Sobotka.
16:29 of 1st period - Stopped by Anders Lindback with a rebound.
16:31 of 1st period - Minor Penalty to Nick Shore for Interference.
16:32 of 1st period - Nick Bonino wins face-off versus Anders Lee in Mulligans zone.
16:39 of 1st period - Slapshot by Matt Niskanen.
16:39 of 1st period - Stopped by Christopher Gibson without a rebound.
16:40 of 1st period - Nick Bonino wins face-off versus David Ullstrom in Inferno zone.
17:08 of 1st period - Off-side.
17:09 of 1st period - Philip Varone wins face-off versus Jonathan Tremblay in neutral zone.
17:32 of 1st period - Wrist shot by Tanner Pearson.
17:32 of 1st period - Stopped by Anders Lindback with a rebound.
17:34 of 1st period - Snap shot by Tanner Pearson.
17:34 of 1st period - Shot Misses the Net.
17:36 of 1st period - Slapshot by Colby Robak.
17:36 of 1st period - Stopped by Anders Lindback with a rebound.
17:38 of 1st period - Slapshot by Philip Varone.
17:38 of 1st period - Stopped by Anders Lindback without a rebound.
17:39 of 1st period - Nick Bonino wins face-off versus Anders Lee in Mulligans zone.
18:31 of 1st period - Penalty to Nick Shore is over, Nick Shore is back on ice.
18:36 of 1st period - Wrist shot by Drayson Bowman.
18:36 of 1st period - Goal by Drayson Bowman - Inferno : 1 - Mulligans : 1.
18:37 of 1st period - Nick Bonino wins face-off versus Vladimir Sobotka in neutral zone.
18:53 of 1st period - Minor Penalty to Eric Tangradi for Hooking.
18:54 of 1st period - Nick Bonino wins face-off versus Anders Lee in Mulligans zone.
Goals for this period are 1 for Inferno vs 1 for Mulligans.
Shots for this period are 17 for Inferno vs 6 for Mulligans.
2nd period
0:01 of 2nd period - Nick Bonino wins face-off versus Anders Lee in neutral zone.
0:05 of 2nd period - Off-side.
0:06 of 2nd period - Anders Lee wins face-off versus Nick Bonino in neutral zone.
0:11 of 2nd period - Snap shot by David Ullstrom.
0:11 of 2nd period - Stopped by Anders Lindback with a rebound.
0:13 of 2nd period - Snap shot by David Ullstrom.
0:13 of 2nd period - Stopped by Anders Lindback with a rebound.
0:15 of 2nd period - Slapshot by Sami Vatanen.
0:15 of 2nd period - Shot Blocked by Thomas Hickey.
0:17 of 2nd period - Slapshot by Sami Vatanen.
0:17 of 2nd period - Deflect By Anders Lee.
0:17 of 2nd period - Goal by Anders Lee - Inferno : 2 - Mulligans : 1.
0:18 of 2nd period - Nick Bonino wins face-off versus Vladimir Sobotka in neutral zone.
0:23 of 2nd period - Nick Bonino is hit by Sami Vatanen and loses puck.
0:32 of 2nd period - Slapshot by Nick Bonino.
0:32 of 2nd period - Shot Blocked by Victor Rask.
0:34 of 2nd period - Slapshot by Matt Niskanen.
0:34 of 2nd period - Shot Misses the Net.
1:04 of 2nd period - Wrist shot by Drayson Bowman.
1:04 of 2nd period - Stopped by Christopher Gibson with a rebound.
1:50 of 2nd period - Slapshot by Victor Rask.
1:50 of 2nd period - Deflect By Vladimir Sobotka.
1:50 of 2nd period - Shot Misses the Net.
1:50 of 2nd period - Puck is out of play.
1:51 of 2nd period - Vladimir Sobotka wins face-off versus Nick Bonino in Mulligans zone.
1:52 of 2nd period - Wrist shot by David Ullstrom.
1:52 of 2nd period - Shot Misses the Net.
1:54 of 2nd period - Slapshot by Colby Robak.
1:54 of 2nd period - Shot Blocked by Eric Tangradi.
1:56 of 2nd period - Wrist shot by Vladimir Sobotka.
1:56 of 2nd period - Shot Hit the Post.
1:58 of 2nd period - Slapshot by Vladimir Sobotka.
1:58 of 2nd period - Deflect By David Ullstrom.
1:58 of 2nd period - Shot Blocked by Eric Tangradi.
1:58 of 2nd period - Puck is out of play.
1:59 of 2nd period - Vladimir Sobotka wins face-off versus Nick Bonino in Mulligans zone.
2:06 of 2nd period - Wrist shot by David Ullstrom.
2:06 of 2nd period - Shot Misses the Net.
2:11 of 2nd period - Minor Penalty to Jonathan Tremblay for Tripping.
2:12 of 2nd period - Nick Bonino wins face-off versus Victor Rask in Mulligans zone.
3:52 of 2nd period - Tanner Pearson is hit by Mario Lucia and loses puck.
4:11 of 2nd period - Penalty to Jonathan Tremblay is over, Jonathan Tremblay is back on ice.
4:50 of 2nd period - Icing by Nick Shore.
4:51 of 2nd period - Anton Lander wins face-off versus Anders Lee in Mulligans zone.
5:02 of 2nd period - Slapshot by Matt Beleskey.
5:02 of 2nd period - Shot Misses the Net.
5:04 of 2nd period - Slapshot by Anton Lander.
5:04 of 2nd period - Shot Misses the Net.
5:42 of 2nd period - Wrist shot by Nick Bonino.
5:42 of 2nd period - Stopped by Christopher Gibson with a rebound.
6:38 of 2nd period - Snap shot by Nick Bonino.
6:38 of 2nd period - Stopped by Christopher Gibson with a rebound.
6:40 of 2nd period - Wrist shot by Nick Bonino.
6:40 of 2nd period - Goal by Nick Bonino - Inferno : 2 - Mulligans : 2.
6:41 of 2nd period - Nick Bonino wins face-off versus Vladimir Sobotka in neutral zone.
6:44 of 2nd period - Sami Vatanen is hit by Jonathan Tremblay and loses puck.
6:53 of 2nd period - Wrist shot by Eric Tangradi.
6:53 of 2nd period - Shot Misses the Net.
6:55 of 2nd period - Snap shot by Jonathan Tremblay.
6:55 of 2nd period - Shot Blocked by David Ullstrom.
6:57 of 2nd period - Snap shot by Cody Goloubef.
6:57 of 2nd period - Shot Blocked by David Ullstrom.
7:14 of 2nd period - Snap shot by Anton Lander.
7:14 of 2nd period - Deflect By Matt Beleskey.
7:14 of 2nd period - Stopped by Christopher Gibson without a rebound.
7:15 of 2nd period - Nick Bonino wins face-off versus Anders Lee in Inferno zone.
7:18 of 2nd period - Snap shot by Eric Tangradi.
7:18 of 2nd period - Shot Misses the Net.
7:45 of 2nd period - Derek Dorsett is hit by David Ullstrom and loses puck.
8:08 of 2nd period - Slapshot by Matt Donovan.
8:08 of 2nd period - Shot Blocked by Sami Vatanen.
8:10 of 2nd period - Backhand shot by Benn Ferriero.
8:10 of 2nd period - Shot Blocked by Sami Vatanen.
8:12 of 2nd period - Snap shot by Drayson Bowman.
8:12 of 2nd period - Shot Misses the Net.
9:06 of 2nd period - Snap shot by David Ullstrom.
9:06 of 2nd period - Stopped by Anders Lindback without a rebound.
9:07 of 2nd period - Anton Lander wins face-off versus Vladimir Sobotka in Mulligans zone.
9:07 of 2nd period - Derek Dorsett is hit by Greg Pateryn and loses puck.
9:22 of 2nd period - Derek Dorsett is hit by Victor Rask and loses puck.
9:35 of 2nd period - Snap shot by Vladimir Sobotka.
9:35 of 2nd period - Stopped by Anders Lindback with a rebound.
9:37 of 2nd period - Snap shot by David Ullstrom.
9:37 of 2nd period - Shot Misses the Net.
9:39 of 2nd period - Wrist shot by David Ullstrom.
9:39 of 2nd period - Stopped by Anders Lindback without a rebound.
9:40 of 2nd period - Nick Bonino wins face-off versus Anders Lee in Mulligans zone.
9:50 of 2nd period - Icing by Thomas Hickey.
9:51 of 2nd period - Nick Bonino wins face-off versus Anders Lee in Mulligans zone.
9:51 of 2nd period - Nick Bonino is hit by Anders Lee.
9:56 of 2nd period - Icing by Eric Tangradi.
9:57 of 2nd period - Nick Bonino wins face-off versus Anders Lee in Mulligans zone.
10:04 of 2nd period - Slapshot by Thomas Hickey.
10:04 of 2nd period - Deflect By Colby Robak.
10:04 of 2nd period - Stopped by Christopher Gibson with a rebound.
10:26 of 2nd period - Slapshot by Thomas Hickey.
10:26 of 2nd period - Stopped by Christopher Gibson without a rebound.
10:27 of 2nd period - Anton Lander wins face-off versus Vladimir Sobotka in Inferno zone.
10:30 of 2nd period - Snap shot by Derek Dorsett.
10:30 of 2nd period - Stopped by Christopher Gibson without a rebound.
10:31 of 2nd period - Derek Dorsett wins face-off versus Vladimir Sobotka in Inferno zone.
11:11 of 2nd period - Slapshot by Maxime Macenauer.
11:11 of 2nd period - Stopped by Christopher Gibson without a rebound.
11:12 of 2nd period - Anders Lee wins face-off versus Nick Bonino in Inferno zone.
11:37 of 2nd period - Cal O'Reilly is hit by Matt Beleskey.
11:40 of 2nd period - Colby Robak is hit by Matt Niskanen and loses puck.
11:50 of 2nd period - Minor Penalty to Matt Beleskey for Roughing.
11:51 of 2nd period - Nick Bonino wins face-off versus Victor Rask in Mulligans zone.
12:17 of 2nd period - Cody Goloubef is hit by Philip Varone and loses puck.
12:22 of 2nd period - Snap shot by Christian Folin.
12:22 of 2nd period - Deflect By Philip Varone.
12:22 of 2nd period - Stopped by Anders Lindback without a rebound.
12:23 of 2nd period - Philip Varone wins face-off versus Nick Bonino in Mulligans zone.
12:47 of 2nd period - Slapshot by Greg Pateryn.
12:47 of 2nd period - Stopped by Anders Lindback without a rebound.
12:48 of 2nd period - Jonathan Tremblay wins face-off versus Anders Lee in Mulligans zone.
13:01 of 2nd period - Slapshot by Colby Robak.
13:01 of 2nd period - Stopped by Anders Lindback with a rebound.
13:03 of 2nd period - Slapshot by Anders Lee.
13:03 of 2nd period - Shot Blocked by Matt Donovan.
13:50 of 2nd period - Penalty to Matt Beleskey is over, Matt Beleskey is back on ice.
13:59 of 2nd period - Snap shot by Matt Beleskey.
13:59 of 2nd period - Stopped by Christopher Gibson with a rebound.
14:05 of 2nd period - Snap shot by Jonathan Tremblay.
14:05 of 2nd period - Shot Misses the Net.
14:07 of 2nd period - Wrist shot by Jonathan Tremblay.
14:07 of 2nd period - Stopped by Christopher Gibson with a rebound.
14:15 of 2nd period - Slapshot by Anton Lander.
14:15 of 2nd period - Shot Misses the Net.
14:17 of 2nd period - Backhand shot by Matt Beleskey.
14:17 of 2nd period - Deflect By Jonathan Tremblay.
14:17 of 2nd period - Deflect By Cal O'Reilly.
14:17 of 2nd period - Goal by Jonathan Tremblay - Inferno : 2 - Mulligans : 3.
14:18 of 2nd period - Vladimir Sobotka wins face-off versus Maxime Macenauer in neutral zone.
15:00 of 2nd period - Icing by Greg Pateryn.
15:01 of 2nd period - Anton Lander wins face-off versus Cal O'Reilly in Inferno zone.
15:02 of 2nd period - Snap shot by Matt Beleskey.
15:02 of 2nd period - Stopped by Christopher Gibson with a rebound.
15:04 of 2nd period - Snap shot by Matt Niskanen.
15:04 of 2nd period - Stopped by Christopher Gibson with a rebound.
15:06 of 2nd period - Slapshot by Thomas Hickey.
15:06 of 2nd period - Deflect By Derek Dorsett.
15:06 of 2nd period - Goal by Derek Dorsett - Inferno : 2 - Mulligans : 4.
15:07 of 2nd period - Nick Bonino wins face-off versus Vladimir Sobotka in neutral zone.
15:11 of 2nd period - Off-side.
15:12 of 2nd period - Vladimir Sobotka wins face-off versus Nick Bonino in neutral zone.
15:38 of 2nd period - Off-side.
15:39 of 2nd period - Anton Lander wins face-off versus Anders Lee in neutral zone.
15:42 of 2nd period - Wrist shot by Matt Donovan.
15:42 of 2nd period - Deflect By Anton Lander.
15:42 of 2nd period - Shot Misses the Net.
15:42 of 2nd period - Puck is out of play.
15:43 of 2nd period - Anton Lander wins face-off versus Anders Lee in Inferno zone.
15:58 of 2nd period - Snap shot by Christian Folin.
15:58 of 2nd period - Stopped by Anders Lindback without a rebound.
15:59 of 2nd period - Vladimir Sobotka wins face-off versus Nick Bonino in Mulligans zone.
16:11 of 2nd period - Sami Vatanen is hit by Jonathan Tremblay and loses puck.
16:24 of 2nd period - Matt Beleskey is hit by Bryan Rust and loses puck.
16:35 of 2nd period - Slapshot by Anders Lee.
16:35 of 2nd period - Shot Blocked by Thomas Hickey.
16:37 of 2nd period - Snap shot by Bryan Rust.
16:37 of 2nd period - Stopped by Anders Lindback with a rebound.
17:09 of 2nd period - Slapshot by Philip Varone.
17:09 of 2nd period - Goal by Philip Varone - Inferno : 3 - Mulligans : 4.
17:10 of 2nd period - Vladimir Sobotka wins face-off versus Jonathan Tremblay in neutral zone.
17:13 of 2nd period - Slapshot by Colby Robak.
17:13 of 2nd period - Shot Misses the Net.
17:48 of 2nd period - Slapshot by Colby Robak.
17:48 of 2nd period - Stopped by Anders Lindback without a rebound.
17:49 of 2nd period - Vladimir Sobotka wins face-off versus Nick Bonino in Mulligans zone.
17:52 of 2nd period - Wrist shot by Vladimir Sobotka.
17:52 of 2nd period - Shot Misses the Net.
17:58 of 2nd period - Mathieu Brodeur is hit by Eric Tangradi.
18:20 of 2nd period - Icing by David Ullstrom.
18:21 of 2nd period - Maxime Macenauer wins face-off versus Vladimir Sobotka in Inferno zone.
18:27 of 2nd period - Icing by Victor Rask.
18:28 of 2nd period - Vladimir Sobotka wins face-off versus Nick Bonino in Inferno zone.
18:35 of 2nd period - Snap shot by Vladimir Sobotka.
18:35 of 2nd period - Stopped by Anders Lindback with a rebound.
19:18 of 2nd period - Wrist shot by Benn Ferriero.
19:18 of 2nd period - Stopped by Christopher Gibson with a rebound.
19:20 of 2nd period - Slapshot by Matt Donovan.
19:20 of 2nd period - Shot Blocked by Matthew Nieto.
19:22 of 2nd period - Wrist shot by Drayson Bowman.
19:22 of 2nd period - Shot Blocked by Sami Vatanen.
19:24 of 2nd period - Wrist shot by Benn Ferriero.
19:24 of 2nd period - Shot Misses the Net.
19:40 of 2nd period - Snap shot by Matthew Nieto.
19:40 of 2nd period - Stopped by Anders Lindback without a rebound.
19:41 of 2nd period - Eric Tangradi wins face-off versus Vladimir Sobotka in Mulligans zone.
Goals for this period are 2 for Inferno vs 3 for Mulligans.
Shots for this period are 15 for Inferno vs 16 for Mulligans.
3rd period
0:01 of 3rd period - Nick Bonino wins face-off versus Vladimir Sobotka in neutral zone.
0:04 of 3rd period - Wrist shot by Nick Bonino.
0:04 of 3rd period - Shot Blocked by Vladimir Sobotka.
0:25 of 3rd period - Colby Robak is hit by Thomas Hickey and loses puck.
0:52 of 3rd period - Snap shot by Esa Lindell.
0:52 of 3rd period - Shot Blocked by Cody Goloubef.
1:08 of 3rd period - Benn Ferriero is hit by Philip Varone and loses puck.
1:29 of 3rd period - Snap shot by Eric Tangradi.
1:29 of 3rd period - Stopped by Christopher Gibson with a rebound.
1:31 of 3rd period - Snap shot by Cody Goloubef.
1:31 of 3rd period - Deflect By Eric Tangradi.
1:31 of 3rd period - Stopped by Christopher Gibson with a rebound.
1:33 of 3rd period - Slapshot by Matt Donovan.
1:33 of 3rd period - Deflect By Eric Tangradi.
1:33 of 3rd period - Shot Hit the Post.
1:33 of 3rd period - Puck is out of play.
1:34 of 3rd period - Nick Bonino wins face-off versus Vladimir Sobotka in Inferno zone.
1:41 of 3rd period - Wrist shot by Eric Tangradi.
1:41 of 3rd period - Stopped by Christopher Gibson with a rebound.
1:43 of 3rd period - Snap shot by Jonathan Tremblay.
1:43 of 3rd period - Stopped by Christopher Gibson without a rebound.
1:44 of 3rd period - Vladimir Sobotka wins face-off versus Nick Bonino in Inferno zone.
1:49 of 3rd period - Nick Bonino is hit by Greg Pateryn.
2:38 of 3rd period - Slapshot by David Ullstrom.
2:38 of 3rd period - Deflect By Victor Rask.
2:38 of 3rd period - Stopped by Anders Lindback with a rebound.
2:54 of 3rd period - Wrist shot by Eric Tangradi.
2:54 of 3rd period - Shot Misses the Net.
3:00 of 3rd period - Snap shot by Eric Tangradi.
3:00 of 3rd period - Shot Misses the Net.
3:02 of 3rd period - Backhand shot by Nick Bonino.
3:02 of 3rd period - Stopped by Christopher Gibson without a rebound.
3:03 of 3rd period - Anton Lander wins face-off versus Anders Lee in Inferno zone.
3:48 of 3rd period - Wrist shot by Matthew Nieto.
3:48 of 3rd period - Stopped by Anders Lindback with a rebound.
3:54 of 3rd period - Matthew Nieto is hit by Maxime Macenauer and loses puck.
3:59 of 3rd period - Snap shot by Maxime Macenauer.
3:59 of 3rd period - Stopped by Christopher Gibson without a rebound.
4:00 of 3rd period - Anton Lander wins face-off versus Anders Lee in Inferno zone.
4:07 of 3rd period - Wrist shot by Anton Lander.
4:07 of 3rd period - Shot Blocked by Matt Kassian.
4:33 of 3rd period - Off-side.
4:34 of 3rd period - Nick Shore wins face-off versus Philip Varone in neutral zone.
4:45 of 3rd period - Snap shot by Logan Shaw.
4:45 of 3rd period - Stopped by Christopher Gibson without a rebound.
4:46 of 3rd period - Vladimir Sobotka wins face-off versus Nick Bonino in Inferno zone.
4:54 of 3rd period - Off-side.
4:55 of 3rd period - Nick Bonino wins face-off versus Vladimir Sobotka in neutral zone.
5:33 of 3rd period - Wrist shot by David Ullstrom.
5:33 of 3rd period - Goal by David Ullstrom - Inferno : 4 - Mulligans : 4.
5:34 of 3rd period - Anders Lee wins face-off versus Anton Lander in neutral zone.
5:48 of 3rd period - Minor Penalty to Matt Beleskey for Interference.
5:49 of 3rd period - Nick Bonino wins face-off versus Anders Lee in Mulligans zone.
5:51 of 3rd period - Minor Penalty to Nick Bonino for Holding.
5:52 of 3rd period - Mario Lucia wins face-off versus Anders Lee in Mulligans zone.
6:18 of 3rd period - Anders Lee is hit by Matt Niskanen and loses puck.
6:30 of 3rd period - Slapshot by Colby Robak.
6:30 of 3rd period - Shot Blocked by Matt Niskanen.
6:40 of 3rd period - Slapshot by David Ullstrom.
6:40 of 3rd period - Stopped by Anders Lindback with a rebound.
6:56 of 3rd period - Minor Penalty to Victor Rask for Boarding.
6:57 of 3rd period - Mario Lucia wins face-off versus Vladimir Sobotka in Inferno zone.
7:24 of 3rd period - Vladimir Sobotka is hit by Anton Lander and loses puck.
7:48 of 3rd period - Penalty to Matt Beleskey is over, Matt Beleskey is back on ice.
7:51 of 3rd period - Penalty to Nick Bonino is over, Nick Bonino is back on ice.
7:55 of 3rd period - Snap shot by Matt Niskanen.
7:55 of 3rd period - Deflect By Colby Robak.
7:55 of 3rd period - Stopped by Christopher Gibson without a rebound.
7:56 of 3rd period - Vladimir Sobotka wins face-off versus Nick Bonino in Inferno zone.
8:09 of 3rd period - Vladimir Sobotka is hit by Nick Bonino.
8:56 of 3rd period - Penalty to Victor Rask is over, Victor Rask is back on ice.
9:15 of 3rd period - Anders Lee is hit by Maxime Macenauer and loses puck.
9:40 of 3rd period - Tanner Pearson is hit by Logan Shaw.
10:31 of 3rd period - Matt Niskanen is hit by Tanner Pearson and loses puck.
11:06 of 3rd period - Derek Dorsett is hit by Matt Kassian and loses puck.
11:07 of 3rd period - Derek Dorsett from Mulligans is injured at 11:07 of 3rd period (Back Spasms).
11:08 of 3rd period - Vladimir Sobotka wins face-off versus Nick Bonino in Mulligans zone.
11:09 of 3rd period - Wrist shot by Sami Vatanen.
11:09 of 3rd period - Stopped by Anders Lindback without a rebound.
11:10 of 3rd period - Vladimir Sobotka wins face-off versus Nick Bonino in Mulligans zone.
11:21 of 3rd period - Wrist shot by Vladimir Sobotka.
11:21 of 3rd period - Shot Misses the Net.
11:23 of 3rd period - Wrist shot by Victor Rask.
11:23 of 3rd period - Shot Misses the Net.
11:25 of 3rd period - Snap shot by Victor Rask.
11:25 of 3rd period - Shot Blocked by Jonathan Tremblay.
12:47 of 3rd period - Snap shot by Eric Tangradi.
12:47 of 3rd period - Stopped by Christopher Gibson with a rebound.
12:55 of 3rd period - Slapshot by Cal O'Reilly.
12:55 of 3rd period - Stopped by Anders Lindback with a rebound.
12:57 of 3rd period - Wrist shot by Mathieu Brodeur.
12:57 of 3rd period - Shot Misses the Net.
12:59 of 3rd period - Wrist shot by Tanner Pearson.
12:59 of 3rd period - Shot Misses the Net.
13:01 of 3rd period - Slapshot by Mathieu Brodeur.
13:01 of 3rd period - Stopped by Anders Lindback without a rebound.
13:02 of 3rd period - Anton Lander wins face-off versus Vladimir Sobotka in Mulligans zone.
13:15 of 3rd period - Matt Niskanen is hit by Victor Rask and loses puck.
14:11 of 3rd period - Slapshot by Matt Beleskey.
14:11 of 3rd period - Stopped by Christopher Gibson with a rebound.
14:27 of 3rd period - Darren Dietz is hit by Greg Pateryn and loses puck.
14:50 of 3rd period - Victor Rask is hit by Matt Beleskey and loses puck.
15:25 of 3rd period - Snap shot by Matt Donovan.
15:25 of 3rd period - Shot Misses the Net.
16:07 of 3rd period - Wrist shot by David Ullstrom.
16:07 of 3rd period - Goal by David Ullstrom - Inferno : 5 - Mulligans : 4.
16:08 of 3rd period - Cal O'Reilly wins face-off versus Maxime Macenauer in neutral zone.
16:19 of 3rd period - Slapshot by Thomas Hickey.
16:19 of 3rd period - Shot Blocked by Colby Robak.
17:34 of 3rd period - Off-side.
17:35 of 3rd period - Cal O'Reilly wins face-off versus Maxime Macenauer in neutral zone.
18:02 of 3rd period - Jonathan Tremblay is hit by David Ullstrom and loses puck.
18:45 of 3rd period - Mulligans, Anders Lindback is pulled from the net.
19:03 of 3rd period - Snap shot by Eric Tangradi.
19:03 of 3rd period - Shot Misses the Net.
19:05 of 3rd period - Wrist shot by Thomas Hickey.
19:05 of 3rd period - Shot Misses the Net.
19:07 of 3rd period - Snap shot by Matt Niskanen.
19:07 of 3rd period - Shot Misses the Net.
19:33 of 3rd period - Slapshot by Eric Tangradi.
19:33 of 3rd period - Stopped by Christopher Gibson with a rebound.
Goals for this period are 2 for Inferno vs 0 for Mulligans.
Shots for this period are 8 for Inferno vs 11 for Mulligans.
Back to the Top